 Dungeon Crawl Stone Soup version 0.25.0-9-g26727b657a (webtiles) character file.

Game seed: 1485568577995558728

7988 xccam the Cleaver (level 11, 0/80 HPs)
             Began as a Formicid Fighter on June 18, 2020.
             Was a High Priest of Cheibriados.
             Killed from afar by an electric eel (10 damage)
             ... with a bolt of electricity
             ... on level 10 of the Dungeon.
             The game lasted 00:16:45 (9363 turns).

xccam the Cleaver (Formicid Fighter)                Turns: 9363, Time: 00:16:46

Health: 0/80       AC: 19    Str: 38    XL:     11   Next: 47%
Magic:  11/11      EV:  8    Int: 20    God:    Cheibriados [*****.]
Gold:   382        SH: 14    Dex: 23    Spells: 10/10 levels left

rFire    . . .     SeeInvis +   a - +0 war axe
rCold    . . .     Gourm    .   c - +0 kite shield
rNeg     . . .     Faith    .   g - +0 plate armour (curse)
rPois    .         Spirit   .   (helmet unavailable)
rElec    .         Reflect  .   d - +0 cloak
rCorr    .         Harm     .   (no gloves)
MR       +....                  A - +0 pair of boots
Stlth    ..........             (no amulet)
HPRegen  0.23/turn              r - ring of stealth
MPRegen  0.12/turn              (no ring)

@: very slow
A: permanent stasis, dig shafts and tunnels, four strong arms, antennae 3, icy
blue scales 1, mutation resistance 1
a: Dig, Shaft Self, Bend Time, Temporal Distortion, Slouch, Step From Time,
Renounce Religion


You were on level 10 of the Dungeon.
You worshipped Cheibriados.
Cheibriados was extremely pleased with you.
You were not hungry.

You visited 2 branches of the dungeon, and saw 11 of its levels.

You collected 490 gold pieces.
You spent 108 gold pieces at shops.

Inventory:

Hand Weapons
 a - a +0 war axe (weapon)
 b - a +0 fustibalus
Missiles
 G - 14 sling bullets
Armour
 c - a +0 kite shield (worn)
 d - a +0 cloak (worn)
 g - a cursed +0 plate armour (worn)
 A - a +0 pair of boots (worn)
Jewellery
 r - a ring of stealth (left hand)
Wands
 s - a wand of enslavement (2)
 B - a wand of digging (6)
Scrolls
 j - 2 scrolls of enchant armour
 m - 4 scrolls of immolation
 n - 8 scrolls of remove curse
 q - 2 scrolls of fog {unknown}
 u - a scroll of fear {unknown}
 y - a scroll of silence {unknown}
 C - a scroll of amnesia {unknown}
 E - a scroll of enchant weapon {unknown}
 F - a scroll of noise {unknown}
Potions
 e - 2 potions of curing
 i - 2 potions of might
 k - 2 potions of magic
 t - 4 potions of brilliance
 v - a potion of invisibility
 w - 3 potions of lignification
 D - a potion of ambrosia
 H - 4 potions of flight
Comestibles
 f - 17 rations
 h - 4 chunks of flesh


   Skills:
 - Level 5.6 Fighting
 * Level 11.5 Axes
 + Level 3.1 Slings
 * Level 10.7 Armour
 - Level 9.0 Shields


You had 10 spell levels left.
You didn't know any spells.
Your spell library contained the following spells:

 Spells                   Type           Power        Failure   Level  Hunger
 Animate Skeleton         Necr           N/A          65%         1    ##.....
 Freeze                   Ice            #...         65%         1    ##.....
 Pain                     Necr           #...         65%         1    ##.....
 Frozen Ramparts          Ice            #.....       95%         3    ####...
 Ozocubu's Armour         Chrm/Ice       #.......     95%         3    ####...
 Vampiric Draining        Necr           #.........   95%         3    ####...
 Animate Dead             Necr           N/A          100%        4    #####..
 Hailstorm                Conj/Ice       #.......     100%        4    #####..
 Summon Ice Beast         Ice/Summ       #.......     100%        4    #####..
 Agony                    Necr           #.......     100%        5    ######.
 Ozocubu's Refrigeration  Ice            #.........   100%        6    #######


Dungeon Overview and Level Annotations

Branches:
Dungeon (10/15)            Temple (0/1) D:6            Lair (0/6) D:10
    Orc (1/2) D:9

Altars:
Ashenzari
Cheibriados
Dithmenos
Fedhas
Hepliaklqana
Kikubaaqudgha
Okawaru
Qazlal
Ru
Trog
Wu Jian
Xom
Zin
The Shining One

Shops:
D:4 *


Innate Abilities, Weirdness & Mutations

You cannot be hasted, slowed, berserked, paralysed or teleported.
You can dig through walls and to a lower floor.
Your four strong arms can wield two-handed weapons with a shield.
You have a pair of large antennae on your head. (SInv)
You are partially covered in icy blue scales. (AC +2)
You are somewhat resistant to further mutation.


Message History

Moving in this stuff is going to be slow.
The electric eel shoots out a bolt of lightning at you!
The bolt of electricity hits you.
The electric eel shoots out a bolt of lightning at you!
The bolt of electricity hits you.
You swing at nothing.
The electric eel shoots out a bolt of lightning at you!
The bolt of electricity hits you!
The electric eel shoots out a bolt of lightning at you!
The bolt of electricity hits you.
* * * LOW HITPOINT WARNING * * *
The electric eel shoots out a bolt of lightning at you!
The bolt of electricity hits you!
* * * LOW HITPOINT WARNING * * *
The electric eel shoots out a bolt of lightning at you!
The bolt of electricity hits you.
* * * LOW HITPOINT WARNING * * *
The electric eel shoots out a bolt of lightning at you!
The bolt of electricity hits you!
You die...

#≈≈≈≈≈≈....≈≈≈....... ..
#≈≈≈≈≈..>.≈.≈≈.......
...
#≈≈≈≈≈.....≈≈.≈......
...#≈≈≈≈≈≈..≈.≈≈≈.......
#.#.≈≈≈≈≈..≈.≈≈≈.......
#....≈≈≈....≈≈≈......#
#....≈≈.≈≈.≈≈≈≈......#
#...≈.@;≈≈.≈≈≈≈≈.....#
#.....≈≈≈(.≈≈≈≈≈.....#
#....≈.≈≈≈.≈.≈≈≈.....#
#....≈≈≈≈≈.≈.≈≈......#
#...≈≈..≈≈...≈)......#
#....................##
#......................
........................
........................


You could see an electric eel.

Vanquished Creatures
  2 two-headed ogres (D:8)
  Joseph (D:7)
  A troll (D:10)
  Sigmund (D:4)
  16 yaks
  A water moccasin (D:7)
  Duvessa (D:4)
  Purgy (D:4)
  An ice beast (D:10)
  5 sky beasts
  A black bear (D:7)
  An orc warrior (D:6)
  3 phantoms (D:6)
  A wolf (D:10)
  3 ogres
  2 centaurs (D:8)
  A big kobold (D:10)
  2 bullfrogs
  Dowan (D:4)
  A water moccasin zombie (D:10)
  2 scorpions
  4 killer bees (D:10)
  An electric eel (D:10)
  A centaur zombie (D:7)
  4 crimson imps
  6 orc priests
  Crazy Yiuf (D:2)
  3 centaur skeletons
  3 jellies
  10 hounds
  4 orc wizards
  Ijyb (D:3)
  2 iguanas
  6 worker ants
  A howler monkey zombie (D:6)
  4 worker ant zombies
  A gnoll (D:1)
  8 adders
  A shadow imp (D:5)
  An ooze (D:4)
  An adder zombie (D:8)
  3 adder skeletons
  5 worms
  3 dart slugs
  9 leopard geckos
  19 orcs
  11 bats
  7 giant cockroaches
  10 goblins
  10 hobgoblins
  17 kobolds
  5 quokkas
  2 ball pythons
  3 frilled lizards
  6 rats
221 creatures vanquished.

Notes
Turn   | Place    | Note
-------+----------+-------------------------------------------
     0 | D:1      | xccam the Formicid Fighter began the quest for the Orb.
     0 | D:1      | Reached XP level 1. HP: 18/18 MP: 1/1
    85 | D:1      | Reached XP level 2. HP: 24/24 MP: 2/2
   283 | D:1      | Reached skill level 3 in Axes
   417 | D:1      | Reached XP level 3. HP: 29/29 MP: 3/3
  1034 | D:2      | Reached skill level 4 in Axes
  1034 | D:2      | Reached XP level 4. HP: 29/35 MP: 4/4
  1557 | D:2      | Found a runed translucent door.
  1558 | D:2      | Noticed Crazy Yiuf
  1665 | D:2      | Killed Crazy Yiuf
  1665 | D:2      | Reached XP level 5. HP: 10/41 MP: 5/5
  1947 | D:2      | Noticed a sky beast
  1955 | D:2      | Killed a sky beast
  1955 | D:2      | Reached skill level 5 in Axes
  1955 | D:2      | Reached XP level 6. HP: 37/47 MP: 6/6
  2364 | D:3      | Reached skill level 6 in Axes
  2372 | D:3      | Found a snail-covered altar of Cheibriados.
  2379 | D:3      | Became a worshipper of Cheibriados the Contemplative
  2493 | D:3      | Noticed Ijyb
  2512 | D:3      | Killed Ijyb
  2517 | D:3      | Found a glowing golden altar of the Shining One.
  2684 | D:3      | Reached * piety under Cheibriados
  2929 | D:3      | Found a shimmering altar of Xom.
  2931 | D:3      | Found a glowing silver altar of Zin.
  2931 | D:3      | Found a sacrificial altar of Ru.
  2942 | D:3      | Found a glowing golden altar of the Shining One.
  2942 | D:3      | Found a stormy altar of Qazlal.
  2942 | D:3      | Found a snail-covered altar of Cheibriados.
  3296 | D:4      | Noticed Sigmund
  3311 | D:4      | Reached skill level 7 in Axes
  3311 | D:4      | Reached XP level 7. HP: 45/52 MP: 7/7
  3313 | D:4      | Killed Sigmund
  3433 | D:4      | Found Ischoydan's General Store.
  3436 | D:4      | Bought a potion of curing for 36 gold pieces
  3436 | D:4      | Bought a scroll of identify for 24 gold pieces
  3436 | D:4      | Bought a potion of might for 48 gold pieces
  3504 | D:4      | Reached XP level 8. HP: 53/61 MP: 8/8
  3874 | D:4      | Noticed Duvessa
  3874 | D:4      | Noticed Dowan
  3874 | D:4      | Noticed Purgy
  3887 | D:4      | Killed Purgy
  3899 | D:4      | Killed Duvessa
  3899 | D:4      | Reached skill level 5 in Fighting
  3899 | D:4      | Reached skill level 5 in Armour
  3910 | D:4      | Killed Dowan
  4217 | D:5      | Entered Level 5 of the Dungeon
  4220 | D:5      | Found an ornate altar of the Wu Jian Council.
  4276 | D:5      | Reached skill level 8 in Axes
  4413 | D:5      | Found a hazy altar of Hepliaklqana.
  4431 | D:5      | Reached ** piety under Cheibriados
  4667 | D:5      | Found a blossoming altar of Fedhas.
  4692 | D:5      | Found an ancient bone altar of Kikubaaqudgha.
  4693 | D:5      | Found a shadowy altar of Dithmenos.
  4885 | D:5      | Found a bloodstained altar of Trog.
  5090 | D:6      | Reached XP level 9. HP: 63/68 MP: 9/9
  5149 | D:6      | Found a glowing silver altar of Zin.
  5345 | D:6      | Found a staircase to the Ecumenical Temple.
  5350 | D:6      | Reached skill level 5 in Shields
  5953 | D:6      | Reached *** piety under Cheibriados
  6077 | D:7      | Reached skill level 9 in Axes
  6213 | D:7      | Found an iron altar of Okawaru.
  6590 | D:7      | Found a shattered altar of Ashenzari.
  6834 | D:7      | Noticed Joseph
  6852 | D:7      | Killed Joseph
  7080 | D:8      | Reached XP level 10. HP: 49/75 MP: 10/10
  7088 | D:8      | Gained mutation: You are partially covered in icy blue
                  | scales. (AC +2) [potion of mutation]
  7088 | D:8      | Gained mutation: You are somewhat resistant to further
                  | mutation. [potion of mutation]
  7094 | D:8      | Reached skill level 10 in Axes
  7481 | D:8      | Noticed a two-headed ogre
  7490 | D:8      | Killed a two-headed ogre
  7568 | D:8      | Reached **** piety under Cheibriados
  7574 | D:8      | Noticed a two-headed ogre
  7585 | D:8      | Killed a two-headed ogre
  7692 | D:8      | Reached XP level 11. HP: 74/80 MP: 11/11
  7790 | D:8      | Reached skill level 1 in Slings
  8304 | D:9      | Reached skill level 11 in Axes
  8427 | D:9      | Found an ancient bone altar of Kikubaaqudgha.
  8503 | D:9      | Found a stormy altar of Qazlal.
  8562 | D:9      | Reached skill level 10 in Armour
  8719 | D:9      | Reached ***** piety under Cheibriados
  8736 | D:9      | Identified Sif Muna's Papyrus of Snow
  8799 | D:9      | Found a staircase to the Orcish Mines.
  8934 | D:10     | Entered Level 10 of the Dungeon
  8943 | Orc:1    | Entered Level 1 of the Orcish Mines
  8947 | Orc:1    | Noticed an orc sorcerer
  9329 | D:10     | Found a staircase to the Lair.
  9363 | D:10     | Killed from afar by an electric eel

Illustrated notes

Levels and vault maps discovered:
D:1:      psy_arrival_basics, layout_basic
D:2:      kennysheep_the_goblin_king, layout_basic, uniq_crazy_yiuf_cottage
D:3:      layout_rooms, tso_metal_star, old_standard_altar, doesnt_xom_only_xom,
          uniq_ijyb
D:4:      layout_basic, serial_shops, shop, first_ration, minmay_distorted,
          uniq_sigmund, uniq_duvessa, uniq_purgy
D:5:      layout_basic, lemuel_round_altar, nicolae_overflow_crystal_walls,
          lemuel_doored_altar, lightli_temple_of_fire, basic_altar,
          grunt_ministairs_15, grunt_dithmenos_smoke
D:6:      layout_cave_pods, overflow_temple_1_default,
          minmay_temple_entry_statues_pillars, serial_park_tiny_pond
D:7:      layout_loops_cross, kennysheep_mini, old_standard_altar, uniq_joseph
D:8:      layout_basic
D:9:      kennysheep_big_flooded_room, layout_cave_pools, grunt_qazlal_clouds,
          kiku_gazebo_garden_becter, orc_0_dummy
D:10:     gammafunk_mikee_crab_dinner, layout_irregular_city, erik_lair_island
Orc:1:    layout_caves, uniq_snorg

Skill      XL: |  1  2  3  4  5  6  7  8  9 10 11 |
---------------+----------------------------------+-----
Axes           | 3 4 5 7 8 9 10 11 | 11.5
Fighting       | 4 5 |  5.6
Armour         | 4 6 7 9 10 | 10.7
Shields        | 4 6 9 |  9.0
Slings         | 3 |  3.1

Action                   |  1- 3 |  4- 6 |  7- 9 | 10-12 || total
-------------------------+-------+-------+-------+-------++-------
Melee: War axe           |   101 |   177 |   273 |   255 ||   806
 Fire: Hunting sling     |       |       |       |    16 ||    16
Evoke: Wand              |       |       |       |     1 ||     1
  Use: Potion            |       |     3 |     2 |     3 ||     8
       Scroll            |       |     4 |     2 |     5 ||    11
  Eat: Chunk             |     1 |     6 |     5 |     5 ||    17
Armor: Scale mail        |    52 |    75 |    24 |       ||   151
       Skin              |       |       |    12 |    23 ||    35
       Chain mail        |       |       |    61 |    43 ||   104
       Plate armour      |       |       |       |    45 ||    45
Dodge: Dodged            |    34 |    58 |    52 |    46 ||   190
Block: Kite shield       |    59 |    82 |   138 |   176 ||   455
